 Dungeon Crawl Stone Soup version 0.31.0-9-g3a7656b989 (webtiles) character file.

Game seed: 523394253058545362

58 qw the Shooter (level 3, -5/20 HPs)
             Began as a Deep Elf Hunter on Feb 2, 2024.
             Slain by a goblin
             ... wielding a +0 club
             ... led by Robin
              (6 damage)
             ... on level 2 of the Dungeon.
             The game lasted 00:00:03 (981 turns).

qw the Shooter (Deep Elf Hunter)                     Turns: 981, Time: 00:00:04

Health: -5/20      AC:  6    Str: 10    XL:     3   Next: 76%
Magic:  5/5        EV: 11    Int: 13    God:
Gold:   53         SH:  0    Dex: 18    Spells: 2/2 levels left

rFire   . . .        a - +1 shortbow
rCold   . . .        (shield currently unavailable)
rNeg    . . .        g - +0 ring mail
rPois   .            (no helmet)
rElec   .            (no cloak)
rCorr   .            f - +0 pair of gloves
SInv    .            (no boots)
Will    .....        (no amulet)
Stlth   +            (no ring)
HPRegen 0.23/turn    (no ring)
MPRegen 0.09/turn

%: no passive effects
@: no status effects
A: no striking features
a: no special abilities


You were on level 2 of the Dungeon.
You visited 1 branch of the dungeon, and saw 2 of its levels.

You collected 93 gold pieces.
You spent 40 gold pieces at shops.


   Skills:
 - Level 1.5 Fighting
 + Level 7.2 Ranged Weapons
 - Level 2.4 Dodging
 - Level 1.2 Stealth


You had 2 spell levels left.
You didn't know any spells.
Your spell library was empty.

Inventory:

Hand Weapons
 a - a +1 shortbow (weapon)
Armour
 f - a +0 pair of gloves (worn)
 g - a +0 ring mail (worn)
Jewellery
 j - a ring of ice
Potions
 i - a potion of cancellation

Dungeon Overview and Level Annotations

Branches:
Dungeon (2/15)

Altars:

Shops:
D:1 (([

Annotations:
D:2 Robin


Message History

You shoot an arrow. The arrow hits the goblin.
The goblin is moderately wounded.
Robin roars a battlecry!
The goblins go into a battle-frenzy!
You shoot an arrow. The arrow hits the goblin.
You kill the goblin!
A goblin comes into view. It is wielding a +0 dagger.
You shoot an arrow. The arrow hits the hobgoblin.
The hobgoblin is moderately wounded.
A goblin comes into view. It is wielding a +0 club.
A hobgoblin comes into view.
A goblin comes into view. It is wielding a +0 dagger.
The goblin hits you with a +0 club. The hobgoblin completely misses you.
You shoot an arrow. The goblin shouts!
The arrow hits the hobgoblin!
You kill the hobgoblin!
The goblin barely misses you.
The goblin unwields a +0 dagger.
The goblin wields a +0 sling.
The goblin shoots a sling bullet.
The sling bullet barely misses you. The goblin completely misses you.
You shoot an arrow. The arrow hits the goblin.
The goblin is moderately wounded.
The goblin hits you with a +0 club. The goblin hits you with a +0 dagger.
Robin throws the goblin at you! The goblin hits you with a +0 dagger.
You shoot an arrow. The arrow hits the goblin.
You kill the goblin!
The goblin misses you. The goblin hits you with a +0 dagger.
The goblin barely misses you.
You shoot an arrow. The arrow hits Robin.
Robin is moderately wounded.
The goblin barely misses you.
The goblin hits you but does no damage. x2
Robin says, "Feeling lonely?"
Robin throws the goblin at you!
You shoot an arrow. The arrow hits Robin.
Robin is heavily wounded.
The goblin closely misses you. The goblin barely misses you.
The goblin hits you with a +0 club. The goblin hits you with a +0 dagger.
The goblin barely misses you. x2; Robin closely misses you.
The goblin barely misses you. The goblin hits you with a +0 club.
You die...

#... #..# #..### #
#..#.. #. #..#.# #..
#..#.# .# ##...#+#..#.#
.# #.......[g#g##.######
#....?..gg@g.#....%..
#.......gg#........#
#.......)g#.....:..#
#.........#........#
...)..)...#........#
..........#........#
..........##'###########
..........##..........<#
#############


You could see Robin, a hobgoblin (strong) and 6 goblins.

Vanquished Creatures
  An adder (D:2)
  A gnoll (D:1)
  3 dart slugs (D:1)
  3 endoplasms
  2 giant cockroaches (D:1)
  6 goblins
  2 hobgoblins
  4 jackals (D:1)
  4 kobolds
  A ball python (D:2)
  2 bats (D:1)
  A frilled lizard (D:1)
  A rat (D:1)
31 creatures vanquished.

Notes
Turn   | Place    | Note
-------+----------+-------------------------------------------
     0 | D:1      | qw the Deep Elf Hunter began the quest for the Orb.
     0 | D:1      | Reached XP level 1. HP: 12/12 MP: 3/3
     0 | D:1      | 0 ||| qw: Version: 0.3-a-155-g5e7d8dd
     0 | D:1      | 0 ||| qw: Game counter: 31
     0 | D:1      | 0 ||| qw: Melee chars always use a shield: true
     0 | D:1      | 0 ||| qw: God list: Okawaru
     0 | D:1      | 0 ||| qw: Allow faded altars: false
     0 | D:1      | 0 ||| qw: Do Orc after clearing Dungeon:15 true
     0 | D:1      | 0 ||| qw: Do second Lair branch before Depths: true
     0 | D:1      | 0 ||| qw: Lair rune preference: random
     0 | D:1      | 0 ||| qw: Goals: Normal
     0 | D:1      | 0 ||| PLANNING D:1-11
   113 | D:1      | Reached XP level 2. HP: 16/16 MP: 4/4
   116 | D:1      | Reached skill level 6 in Ranged Weapons
   178 | D:1      | Found Maiqir's Antique Weapon Shop.
   188 | D:1      | 188 ||| SHOPLISTING runed shortbow (168 gold, have 37).
   233 | D:1      | Found Valu's Armour Shoppe.
   241 | D:1      | 241 ||| BUYING +0 ring mail (40 gold).
   241 | D:1      | Bought a +0 ring mail for 40 gold pieces
   241 | D:1      | 241 ||| SHOPLISTING +2 pair of boots (165 gold, have 10).
   241 | D:1      | 241 ||| SHOPLISTING +2 scale mail of poison resistance (180
                  | gold, have 10).
   241 | D:1      | 241 ||| SHOPLISTING +4 scale mail of willpower (310 gold,
                  | have 10).
   382 | D:1      | Found Wuzaidgh's Weapon Shoppe.
   557 | D:1      | Reached XP level 3. HP: 20/20 MP: 5/5
   856 | D:1      | 856 ||| UPGRADING to +0 pair of gloves.
   861 | D:1      | 861 ||| UPGRADING to +0 ring mail.
   871 | D:1      | 871 ||| DROPPING +0 leather armour.
   872 | D:1      | 872 ||| READING scroll labelled ESCHIN INNIRIBI.
   872 | D:1      | 872 ||| ENCHANTING +0 shortbow.
   873 | D:1      | 873 ||| READING scroll labelled SIYLOU GODEPP.
   874 | D:1      | 874 ||| READING scroll labelled YSSEHESERPH.
   875 | D:1      | 875 ||| DRINKING 2 black potions.
   876 | D:1      | 876 ||| DROPPING scroll of butterflies.
   920 | D:2      | Reached skill level 7 in Ranged Weapons
   963 | D:2      | 963 ||| FLEEEEING.
   964 | D:2      | 964 ||| FLEEEEING.
   965 | D:2      | 965 ||| FLEEEEING.
   972 | D:2      | Noticed Robin
   981 | D:2      | HP: 2/20 [goblin/+0 club[Robin] (6)]
   981 | D:2      | Slain by a goblin

Levels and vault maps discovered:
D:1:      giann_horns, layout_basic, serial_shops, shop, shop_fountains, shop
D:2:      layout_basic, shapermc_ecumenical_altar_mp_vishouse, uniq_robin

Skill      XL: |  1  2  3 |
---------------+----------+-----
Ranged Weapons | 6 7 |  7.2
Fighting       | |  1.5
Dodging        | |  2.4
Stealth        | |  1.2

Action                     || total
---------------------------++-------
   Fire: Shortbow          ||    81
    Use: Scroll            ||     3
         Potion            ||     1
 Armour: Leather armour    ||     7
         Ring mail         ||    18
  Dodge: Dodged            ||    31

Table legend:
 A = Non-vault XP
 B = Vault XP
 C = Vault XP percentage of total XP
 D = Non-vault monster count
 E = Vault monster count
 F = Vault count percentage of total count
                 A         B        C        D         E       F
            +---------+---------+-------+---------+---------+-------
      Total |      74 |      10 |  11.9 |      26 |       5 |  16.1
            +---------+---------+-------+---------+---------+-------
        D:1 |      55 |       0 |   0.0 |      22 |       0 |   0.0
        D:2 |      19 |      10 |  34.5 |       4 |       5 |  55.6
            +---------+---------+-------+---------+---------+-------
